UAA
IRVING BLUE SOX @ RICHLAND RAILS
08/09/2019
 
TOP OF THE 1ST
Irving Blue Sox batting - Pitching for Richland Rails : RHP Víctor García
Pitching: RHP Víctor García
Batting: RHB Wes Bradley 0-0: Ball
1-0: Ground out 5-3 (Groundball, 5S)
Batting: LHB Francisco Rivas 0-0: Ball
1-0: Called Strike
1-1: Swinging Strike
1-2: Foul Ball, location: 2F
1-2: Foul Ball, location: 2F
1-2: Strikes out swinging
Batting: RHB Dennis Newell 0-0: Ball
1-0: Foul Ball, location: 2F
1-1: Ball
2-1: Ball
3-1: Base on Balls
Batting: RHB Mike Davis 0-0: Ball
1-0: Ball
2-0: Called Strike
2-1: Foul Ball, location: 2F
2-2: Strikes out looking
Top of the 1st over - 0 run(s), 0 hit(s), 0 error(s), 1 left on base; Irving 0 - Richland 0
BOTTOM OF THE 1ST
Richland Rails batting - Pitching for Irving Blue Sox : LHP Allen Yohemas
Pitching: LHP Allen Yohemas
Batting: RHB Ramón Cruz 0-0: Fly out, F8 (Flyball, 8LM)
Batting: RHB Andrew Hall 0-0: Ball
1-0: Fly out, F3 (Line Drive, 34)
Batting: RHB Miguel Vidro 0-0: Ball
1-0: Called Strike
1-1: Called Strike
1-2: Ground out 6-3 (Groundball, 6M)
Bottom of the 1st over - 0 run(s), 0 hit(s), 0 error(s), 0 left on base; Irving 0 - Richland 0
TOP OF THE 2ND
Irving Blue Sox batting - Pitching for Richland Rails : RHP Víctor García
Batting: RHB Dennis Clifton 0-0: Ball
1-0: SINGLE (Line Drive, 4D)
Batting: LHB Kyle James 0-0: Ball
1-0: Foul Ball, location: 2F
1-1: Ball
2-1: Swinging Strike
2-2: Fly out, F8 (Flyball, 8LS)
Batting: LHB Mark Crawford 0-0: Reached on error, E5 (Groundball, 56)
Dennis Clifton to second
Batting: RHB Alfredo Chávez 0-0: Called Strike
0-1: Foul Ball, location: 2F
0-2: Ball
1-2: Ball
2-2: Foul Ball, location: 2F
2-2: Foul Ball, location: 2F
2-2: Foul Ball, location: 2F
2-2: SINGLE (Groundball, 4M) (infield hit)
Dennis Clifton to third
Mark Crawford to second
Batting: RHB Júlio López 0-0: Foul Ball, location: 2F
0-1: Called Strike
0-2: Foul Ball, location: 2F
0-2: Foul Ball, location: 2F
0-2: Ball
1-2: Ball
2-2: Strikes out swinging
Batting: RHB Wes Bradley 0-0: Ball
1-0: Foul Ball, location: 2F
1-1: Ball
2-1: Ball
3-1: Called Strike
3-2: Base on Balls
Dennis Clifton scores
Mark Crawford to third
Alfredo Chávez to second
Batting: LHB Francisco Rivas 0-0: Ball
1-0: Called Strike
1-1: Ball
2-1: Called Strike
2-2: Ball
3-2: Foul Ball, location: 2F
3-2: Base on Balls
Mark Crawford scores
Alfredo Chávez to third
Wes Bradley to second
Batting: RHB Dennis Newell 0-0: Called Strike
0-1: Fly out, F9 (Flyball, 89M)
Top of the 2nd over - 2 run(s), 2 hit(s), 1 error(s), 3 left on base; Irving 2 - Richland 0
BOTTOM OF THE 2ND
Richland Rails batting - Pitching for Irving Blue Sox : LHP Allen Yohemas
Batting: RHB Jack Davis 0-0: Ground out 6-3 (Groundball, 6M)
Batting: RHB Alexis Smeddon 0-0: Ball
1-0: Ground out 5-3 (Groundball, 56)
Batting: RHB Francisco Avelleyra 0-0: Ball
1-0: Ground out 6-3 (Groundball, 6)
Bottom of the 2nd over - 0 run(s), 0 hit(s), 0 error(s), 0 left on base; Irving 2 - Richland 0
TOP OF THE 3RD
Irving Blue Sox batting - Pitching for Richland Rails : RHP Víctor García
Batting: RHB Mike Davis 0-0: Swinging Strike
0-1: Foul Ball, location: 2F
0-2: Ground out 5-3 (Groundball, 56)
Batting: RHB Dennis Clifton 0-0: Ball
1-0: Ball
2-0: Foul Ball, location: 2F
2-1: Called Strike
2-2: Foul Ball, location: 2F
2-2: Ball
3-2: Foul Ball, location: 2F
3-2: Strikes out swinging
Batting: LHB Kyle James 0-0: Called Strike
0-1: Ball
1-1: SINGLE (Groundball, 34D)
Batting: LHB Mark Crawford 0-0: Ball
1-0: Called Strike
1-1: Fly out, F7 (Flyball, 7LD)
Top of the 3rd over - 0 run(s), 1 hit(s), 0 error(s), 1 left on base; Irving 2 - Richland 0
BOTTOM OF THE 3RD
Richland Rails batting - Pitching for Irving Blue Sox : LHP Allen Yohemas
Batting: RHB Bernardo Cruz 0-0: Ball
1-0: Ball
2-0: Ground out 6-3 (Groundball, 6)
Batting: RHB Tiaki Kunani 0-0: Called Strike
0-1: Ball
1-1: Foul Ball, location: 2F
1-2: Strikes out swinging
Batting: RHB Sake van Arem 0-0: SINGLE (Line Drive, 78S)
Batting: RHB Ramón Cruz 0-0: Called Strike
0-1: Ball
1-1: Called Strike
1-2: Fly out, F4 (Popup, 13)
Bottom of the 3rd over - 0 run(s), 1 hit(s), 0 error(s), 1 left on base; Irving 2 - Richland 0
TOP OF THE 4TH
Irving Blue Sox batting - Pitching for Richland Rails : RHP Víctor García
Batting: RHB Alfredo Chávez 0-0: Called Strike
0-1: Fly out, F7 (Flyball, 78M)
Batting: RHB Júlio López 0-0: Foul Ball, location: 2F
0-1: Foul Ball, location: 2F
0-2: Ball
1-2: Ball
2-2: Foul Ball, location: 2F
2-2: Fly out, F7 (Flyball, 7M)
Batting: RHB Wes Bradley 0-0: Called Strike
0-1: Ball
1-1: Foul Ball, location: 2F
1-2: Ball
2-2: Foul Ball, location: 2F
2-2: Foul Ball, location: 2F
2-2: SINGLE (Flyball, 7LS)
Batting: LHB Francisco Rivas 0-0: Called Strike
0-1: Ball
1-1: Foul Ball, location: 2F
1-2: Strikes out looking
Top of the 4th over - 0 run(s), 1 hit(s), 0 error(s), 1 left on base; Irving 2 - Richland 0
BOTTOM OF THE 4TH
Richland Rails batting - Pitching for Irving Blue Sox : LHP Allen Yohemas
Batting: RHB Andrew Hall 0-0: Ball
1-0: Called Strike
1-1: Swinging Strike
1-2: Ball
2-2: Ball
3-2: Strikes out looking
Batting: RHB Miguel Vidro 0-0: Ball
1-0: Foul Ball, location: 2F
1-1: Ground out 5-3 (Groundball, 56)
Batting: RHB Jack Davis 0-0: Called Strike
0-1: Swinging Strike
0-2: Ball
1-2: Ball
2-2: Strikes out swinging
Bottom of the 4th over - 0 run(s), 0 hit(s), 0 error(s), 0 left on base; Irving 2 - Richland 0
TOP OF THE 5TH
Irving Blue Sox batting - Pitching for Richland Rails : RHP Víctor García
Batting: RHB Dennis Newell 0-0: Ball
1-0: Ball
2-0: Called Strike
2-1: Ball
3-1: Foul Ball, location: 2F
3-2: Strikes out swinging
Batting: RHB Mike Davis 0-0: Foul Ball, location: 2F
0-1: Ball
1-1: Ball
2-1: Ball
3-1: Base on Balls
Batting: RHB Dennis Clifton 0-0: Ball
1-0: Called Strike
1-1: Called Strike
1-2: Fly out, F8 (Flyball, 8LM)
Pitching: RHP John Weber
Batting: LHB Kyle James 0-0: Ball
1-0: SINGLE (Line Drive, 34)
Mike Davis to second
Batting: LHB Mark Crawford 0-0: Called Strike
0-1: Ball
1-1: Ball
2-1: Ball
3-1: Foul Ball, location: 2F
3-2: Ground out 4-3 (Groundball, 4M)
Top of the 5th over - 0 run(s), 1 hit(s), 0 error(s), 2 left on base; Irving 2 - Richland 0
BOTTOM OF THE 5TH
Richland Rails batting - Pitching for Irving Blue Sox : LHP Allen Yohemas
Batting: RHB Alexis Smeddon 0-0: Fly out, F8 (Flyball, 8LM)
Batting: RHB Francisco Avelleyra 0-0: Foul Ball, location: 2F
0-1: Called Strike
0-2: Strikes out swinging
Batting: RHB Bernardo Cruz 0-0: Fly out, F9 (Flyball, 89S)
Bottom of the 5th over - 0 run(s), 0 hit(s), 0 error(s), 0 left on base; Irving 2 - Richland 0
TOP OF THE 6TH
Irving Blue Sox batting - Pitching for Richland Rails : RHP John Weber
Batting: RHB Alfredo Chávez 0-0: Ball
1-0: Bunted foul
1-1: Foul Ball, location: 2F
1-2: Foul Ball, location: 2F
1-2: Ground out 6-3 (Groundball, 6MS)
Batting: RHB Júlio López 0-0: Foul Ball, location: 2F
0-1: Ball
1-1: Ball
2-1: Ball
3-1: Foul Ball, location: 2F
3-2: Base on Balls
Batting: RHB Wes Bradley 0-0: Called Strike
0-1: Called Strike
0-2: Strikes out looking
Batting: LHB Francisco Rivas 0-0: Ball
1-0: Foul Ball, location: 2F
1-1: Ball
2-1: Ball
3-1: Base on Balls
Júlio López to second
Batting: RHB Dennis Newell 0-0: Ball
1-0: Foul Ball, location: 2F
1-1: Ball
2-1: Called Strike
2-2: Foul Ball, location: 2F
2-2: Ball
3-2: Foul Ball, location: 2F
3-2: Base on Balls
Júlio López to third
Francisco Rivas to second
Batting: RHB Mike Davis 0-0: Ball
1-0: Ball
2-0: Called Strike
2-1: Fielders Choice at 2nd, 6-4 (Groundball, 6)
Top of the 6th over - 0 run(s), 0 hit(s), 0 error(s), 2 left on base; Irving 2 - Richland 0
BOTTOM OF THE 6TH
Richland Rails batting - Pitching for Irving Blue Sox : LHP Allen Yohemas
Batting: RHB Tiaki Kunani 0-0: Ball
1-0: Ball
2-0: Called Strike
2-1: Ball
3-1: Base on Balls
Batting: RHB Sake van Arem 0-0: Ball
1-0: Called Strike
1-1: SINGLE (Line Drive, 89S)
Tiaki Kunani to second
Runner from 2nd tries for 3rd, SAFE, no throw or cutoff
Batting: RHB Ramón Cruz 0-0: Ball
1-0: Fly out, F7 (Flyball, 7M)
Runner from 3rd tags up, SCORES, no throw
Batting: RHB Andrew Hall 0-0: Ball
Sake van Arem steals 2nd base
1-0: Swinging Strike
1-1: Swinging Strike
1-2: Fly out, F7 (Line Drive, 78D)
Batting: RHB Miguel Vidro 0-0: Called Strike
0-1: Ground out 5-3 (Groundball, 5S)
Bottom of the 6th over - 1 run(s), 1 hit(s), 0 error(s), 1 left on base; Irving 2 - Richland 1
TOP OF THE 7TH
Irving Blue Sox batting - Pitching for Richland Rails : RHP John Weber
Batting: RHB Dennis Clifton 0-0: SINGLE (Groundball, 56D)
Pinch Hitting: RHB Will Hunter 0-0: Ball
1-0: Swinging Strike
1-1: Foul Ball, location: 2F
1-2: Ball
2-2: Ball
3-2: Base on Balls
Dennis Clifton to second
Batting: LHB Mark Crawford 0-0: Swinging Strike
0-1: Foul Ball, location: 2F
0-2: Foul Ball, location: 2F
0-2: Ball
1-2: Ball
2-2: Strikes out looking
Pitching: RHP Tim Gordon
Pinch Hitting: RHB Daniel Molina 0-0: Called Strike
0-1: Ball
1-1: Swinging Strike
1-2: Foul Ball, location: 2F
1-2: Ball
2-2: Ball
3-2: Strikes out swinging
Pinch Hitting: SHB Ron Peterson 0-0: Ball
1-0: Ground out 4-3 (Groundball, 4)
Top of the 7th over - 0 run(s), 1 hit(s), 0 error(s), 2 left on base; Irving 2 - Richland 1
BOTTOM OF THE 7TH
Richland Rails batting - Pitching for Irving Blue Sox : LHP Allen Yohemas
Now at 3B: Will Hunter
Now in LF: Daniel Molina
Now in CF: Ron Peterson
Batting: RHB Jack Davis 0-0: Ball
1-0: Ground out 5-3 (Groundball, 56)
Batting: RHB Alexis Smeddon 0-0: Ball
1-0: Ball
2-0: Foul Ball, location: 2F
2-1: Ball
3-1: Foul Ball, location: 2F
3-2: Base on Balls
Batting: RHB Francisco Avelleyra 0-0: Ball
1-0: Swinging Strike
1-1: Ball
2-1: SINGLE (Line Drive, 56D)
Alexis Smeddon to second
Pinch Hitting: SHB Wayne Saunders 0-0: Ball
1-0: Ball
2-0: Ball
3-0: Base on Balls
Alexis Smeddon to third
Francisco Avelleyra to second
Pinch Hitting: SHB Carlton Reed 0-0: Called Strike
0-1: Ball
1-1: Foul Ball, location: 2F
1-2: Fly out, F7 (Flyball, 78D)
Runner from 3rd tags up, SCORES, no throw
Pinch Hitting: RHB Gustavo Berrios 0-0: SINGLE (Line Drive, 6D)
Francisco Avelleyra to third
Wayne Saunders to second
Runner from 3rd tries for Home, SAFE, throw made at trailing runner, OUT at third!
Bottom of the 7th over - 2 run(s), 2 hit(s), 0 error(s), 1 left on base; Irving 2 - Richland 3
TOP OF THE 8TH
Irving Blue Sox batting - Pitching for Richland Rails : RHP Tim Gordon
Pitching: RHP Horace McKenzie
Now in LF: Valentín Salas
Now in CF: Carlton Reed
Now in RF: Gustavo Berrios
Batting: RHB Wes Bradley 0-0: Ball
1-0: Ball
2-0: Called Strike
2-1: Foul Ball, location: 2F
2-2: Ball
3-2: Fly out, F8 (Flyball, 8LM)
Batting: LHB Francisco Rivas 0-0: Swinging Strike
0-1: Foul Ball, location: 2F
0-2: Strikes out looking
Batting: RHB Dennis Newell 0-0: Foul Ball, location: 2F
0-1: Foul Ball, location: 2F
0-2: Strikes out swinging
Top of the 8th over - 0 run(s), 0 hit(s), 0 error(s), 0 left on base; Irving 2 - Richland 3
BOTTOM OF THE 8TH
Richland Rails batting - Pitching for Irving Blue Sox : LHP Allen Yohemas
Batting: RHB Ramón Cruz 0-0: Foul Ball, location: 2F
0-1: Ball
1-1: Ball
2-1: Ground out 4-3 (Groundball, 4M)
Batting: RHB Andrew Hall 0-0: Ball
1-0: SINGLE (Groundball, 6MD)
Batting: RHB Miguel Vidro 0-0: Fly out, F3 (Popup, 13)
Batting: RHB Jack Davis 0-0: Called Strike
0-1: Ball
1-1: Ball
2-1: Ball
3-1: Swinging Strike
3-2: Foul Ball, location: 2F
3-2: Foul Ball, location: 2F
3-2: Strikes out swinging
Bottom of the 8th over - 0 run(s), 1 hit(s), 0 error(s), 1 left on base; Irving 2 - Richland 3
TOP OF THE 9TH
Irving Blue Sox batting - Pitching for Richland Rails : RHP Horace McKenzie
Pitching: RHP Emílio Zaragoza
Batting: RHB Mike Davis 0-0: Swinging Strike
0-1: Ball
1-1: Foul Ball, location: 2F
1-2: Ball
2-2: Strikes out swinging
Pinch Hitting: SHB Curt Finley 0-0: Ball
1-0: Ball
2-0: Ball
3-0: Called Strike
3-1: Called Strike
3-2: Strikes out swinging wild pitch, reaches first!
Batting: RHB Will Hunter 0-0: Called Strike
0-1: Grounds into double play, 5-4-3 (Groundball, 5)
Top of the 9th over - 0 run(s), 0 hit(s), 0 error(s), 0 left on base; Irving 2 - Richland 3
This league is powered by Out of the Park Baseball, the baseball management simulation game for PC, Mac and Linux
Saturday, July 25th, 2015 - OOTP Baseball 15.6 Build 34